 Dungeon Crawl Stone Soup version 0.29-a0-1008-g949cc1d0fb (webtiles) character file.

Game seed: 17425019657884994801

2569 siradein the Blocker (level 9, 0/72 HPs)
             Began as a Formicid Fighter on Aug 8, 2022.
             Was a Follower of Qazlal.
             Slain by a killer bee (7 damage)
             ... on level 8 of the Dungeon.
             The game lasted 00:20:32 (8062 turns).

siradein the Blocker (Formicid Fighter)             Turns: 8062, Time: 00:20:33

Health: 0/72       AC: 12    Str: 26    XL:     9   Next: 87%
Magic:  21/21      EV: 12    Int:  7    God:    Qazlal [*.....]
Gold:   405        SH:  7    Dex: 13    Spells: 8/8 levels left

rFire   + . .      SeeInvis +   a - +0 war axe
rCold   . . .      Faith    .   c - +0 buckler
rNeg    . . .      Spirit   .   F - +0 chain mail {rF+}
rPois   .          Reflect  .   (helmet unavailable)
rElec   .          Harm     .   (no cloak)
rCorr   .          Rampage  .   (no gloves)
Will    .....                   z - +0 pair of boots
Stlth   ..........              h - amulet of magic regeneration
HPRegen 0.22/turn               l - +4 ring of evasion
MPRegen 0.57/turn               f - ring of magical power

@: lethally poisoned (0 -> -5)
A: permanent stasis, dig shafts and tunnels, antennae 3, four strong arms
a: Dig, Shaft Self, Renounce Religion


You were on level 8 of the Dungeon.
You worshipped Qazlal.
Qazlal was aware of your devotion.
You visited 2 branches of the dungeon, and saw 9 of its levels.

You collected 405 gold pieces.

Inventory:

Hand Weapons
 a - a +0 war axe (weapon)
 b - a +0 arbalest
Missiles
 r - 2 silver boomerangs
 x - 3 boomerangs of dispersal
 C - a throwing net
Armour
 c - a +0 buckler (worn)
 s - a +0 plate armour
 z - a +0 pair of boots (worn)
 F - a +0 chain mail of fire resistance (worn)
Jewellery
 f - a ring of magical power (right hand)
 h - an amulet of magic regeneration (around neck)
 l - a +4 ring of evasion (left hand)
Wands
 t - a wand of quicksilver (12)
 v - a wand of polymorph (8)
 E - a wand of digging (7)
Scrolls
 e - a scroll of enchant weapon
 g - 4 scrolls of amnesia {unknown}
 i - a scroll of fear
 k - a scroll of silence
 p - a scroll of immolation
 q - 2 scrolls of poison
 y - a scroll of summoning
 A - a scroll of torment
 D - a scroll of magic mapping
Potions
 d - a potion of might
 j - a potion of heal wounds
 m - a potion of flight
 n - a potion of magic
 o - 2 potions of cancellation {unknown}
 u - a potion of brilliance {unknown}
 w - 3 potions of curing
 B - a potion of haste {unknown}


   Skills:
 + Level 7.3 Fighting
 + Level 6.2 Axes
 + Level 7.3 Armour
 + Level 8.9 Shields
 + Level 4.6 Invocations


You had 8 spell levels left.
You didn't know any spells.
Your spell library contained the following spells:

 Spells                   Type           Power      Damage    Failure   Level
 Sublimation of Blood     Necr           0%         N/A       99%         2
 Stone Arrow              Conj/Erth      0%         3d7       100%        3
 Animate Armour           Summ/Erth      0%         N/A       100%        4
 Petrify                  Tmut/Erth      0%         N/A       100%        4
 Irradiate                Conj/Tmut      0%         3d11      100%        5
 Lehudib's Crystal Spear  Conj/Erth      0%         10d2      100%        8


Dungeon Overview and Level Annotations

Branches:
Dungeon (8/15)             Temple (1/1) D:4
   Lair: D:8-11

Altars:
Ashenzari
Cheibriados
Dithmenos
Elyvilon
Fedhas
Gozag
Kikubaaqudgha
Makhleb
Okawaru
Qazlal
Ru
Sif Muna
Trog
Uskayaw
Vehumet
Wu Jian
Xom
Zin
The Shining One

Shops:
D:7 *


Innate Abilities, Weirdness & Mutations

You cannot be hasted, slowed, berserked, paralysed or teleported.
You can dig through walls and to a lower floor.
You have a pair of large antennae on your head. (SInv)
Your four strong arms can wield two-handed weapons with a shield.


Message History

You slash the killer bee!
The killer bee is heavily wounded.
The killer bee stings you but does no damage.
The killer bee stings you. The killer bee misses you.
You barely miss the killer bee.
The killer bee is heavily wounded.
The killer bee closely misses you. x2
You miss the killer bee.
The killer bee is heavily wounded.
The killer bee closely misses you.
The killer bee stings you but does no damage. x2
You barely miss the killer bee.
The killer bee is heavily wounded.
The killer bee closely misses you.
The killer bee stings you but does no damage.
You barely miss the killer bee.
The killer bee is heavily wounded.
The killer bee misses you. The killer bee stings you.
You hit the killer bee.
The killer bee is heavily wounded.
The killer bee stings you but does no damage.
You block the killer bee's attack. The killer bee stings you!
* * * LOW HITPOINT WARNING * * *
You closely miss the killer bee.
The killer bee is heavily wounded.
The killer bee stings you.
* * * LOW HITPOINT WARNING * * *
You block the killer bee's attack.
You miss the killer bee.
The killer bee is heavily wounded.
The killer bee stings you.
* * * LOW HITPOINT WARNING * * *
You are poisoned.
The killer bee poisons you! The killer bee closely misses you. x2
You hit the killer bee.
The killer bee is almost dead.
* * * LOW HITPOINT WARNING * * *
You feel very sick. The killer bee stings you!
You die...

##.# ..#####.#
#.......# ####.##
#.....########
#.#.#........#
#.#............#
#...#.#.#####..#####
....(...y@.........#
##..##...#####..###.#
#.. #..........# #.#
#. #..........## #.#
##...####### #.#
##.## #.# #. #.# #.
##.# #..#


You could see a killer bee.

Vanquished Creatures
  Grinder (D:5)
  A steam dragon (D:6)
  A sky beast (D:4)
  An orc warrior (D:7)
  A black bear (D:4)
  An ice beast (D:7)
  2 ogres (D:5)
  2 phantoms (D:4)
  A necrophage (D:6)
  2 bullfrogs (D:6)
  A gnoll sergeant (D:7)
  4 scorpions
  8 wights
  3 killer bees (D:8)
  An electric eel (D:7)
  A hound (D:5)
  2 orc priests
  4 iguanas
  2 orc wizards (D:7)
  3 adders
  10 gnolls
  5 shadow imps
  2 ufetubi
  3 dart slugs
  13 orcs
  6 endoplasms
  A giant cockroach (D:1)
  3 hobgoblins
  6 quokkas (D:1)
  4 ball pythons (D:1)
  6 bats
  2 frilled lizards
  5 goblins
  5 kobolds
  2 rats (D:1)
115 creatures vanquished.

Vanquished Creatures (others)
  An orc (D:6)
1 creature vanquished.

Grand Total: 116 creatures vanquished

Notes
Turn   | Place    | Note
-------+----------+-------------------------------------------
     0 | D:1      | siradein the Formicid Fighter began the quest for the Orb.
     0 | D:1      | Reached XP level 1. HP: 18/18 MP: 1/1
   179 | D:1      | Reached XP level 2. HP: 24/24 MP: 2/2
   436 | D:1      | Reached XP level 3. HP: 29/29 MP: 3/3
   940 | D:2      | Found a faded altar of an unknown god.
  1663 | D:3      | Reached XP level 4. HP: 37/37 MP: 4/4
  2180 | D:3      | Reached XP level 5. HP: 42/42 MP: 5/5
  2232 | D:4      | You fall into a shaft and drop 3 floors!
  2256 | D:7      | Reached skill level 5 in Shields
  2274 | D:7      | Found a snail-covered altar of Cheibriados.
  2367 | D:7      | Found Vesuyfust's Assorted Antiques.
  2655 | D:7      | Reached XP level 6. HP: 8/49 MP: 6/6
  2659 | D:7      | HP: 3/73 [gnoll/+0 spear[a gnoll sergeant] (5)]
  3048 | D:5      | Entered Level 5 of the Dungeon
  3064 | D:5      | Noticed Grinder
  3072 | D:5      | Killed Grinder
  3073 | D:5      | Reached skill level 5 in Fighting
  3073 | D:5      | Reached skill level 5 in Armour
  3073 | D:5      | Reached skill level 6 in Shields
  3073 | D:5      | Reached XP level 7. HP: 36/56 MP: 7/7
  3639 | D:4      | Reached XP level 8. HP: 63/63 MP: 8/8
  3647 | D:4      | Found a glowing silver altar of Zin.
  3653 | D:4      | Found a glowing golden altar of the Shining One.
  3759 | D:4      | Reached skill level 7 in Shields
  3883 | D:4      | Found a staircase to the Ecumenical Temple.
  3890 | Temple   | Entered the Ecumenical Temple
  3994 | Temple   | Became a worshipper of Qazlal Stormbringer
  4088 | D:4      | Found a white marble altar of Elyvilon.
  4308 | D:4      | Reached skill level 1 in Invocations
  4315 | D:4      | Reached skill level 5 in Axes
  5025 | D:6      | Found a bloodstained altar of Trog.
  5031 | D:6      | Found an ancient bone altar of Kikubaaqudgha.
  5048 | D:6      | Reached XP level 9. HP: 64/71 MP: 10/10
  5421 | D:6      | Found an opulent altar of Gozag.
  5483 | D:6      | Reached skill level 8 in Shields
  6550 | D:6      | Reached * piety under Qazlal
  8041 | D:8      | HP: 3/72 [killer bee (4)]
  8062 | D:8      | Slain by a killer bee

Illustrated notes

Levels and vault maps discovered:
D:1:      scummos_arrival_gate, layout_rooms
D:2:      layout_loops_corners, basic_ecumenical_altar
D:3:      layout_basic
D:4:      layout_rooms, good_gods_mini_temple, temple_fountains,
          dreamdust_wishing_well, minmay_crystal_water
D:5:      layout_cave_pools, serial_glass, glass_columns_a, glass_columns_c,
          glass_columns_b, glass_columns_a, glass_columns_a, glass_columns_c,
          minmay_strange_pillars, item_on_display_a, item_on_display_a,
          feat_on_display, uniq_grinder
D:6:      layout_basic, grunt_temple_overflow_open, minmay_misc_feat_cross
D:7:      layout_basic, kennysheep_slug_shrine, serial_shops,
          nicolae_shop_crystal, lightli_minifort
D:8:      layout_loops_corners, chequers_temple_overflow_statue_of_worship,
          serial_glass, glass_columns_a, glass_columns_a, serial_shops,
          kennysheep_little_box, uniq_grum, uniq_maurice
Temple:   nicolae_temple_godzebo

Skill      XL: |  1  2  3  4  5  6  7  8  9 |
---------------+----------------------------+-----
Fighting       | 4 5 6 7 |  7.3
Armour         | 4 5 6 7 |  7.3
Shields        | 5 6 7 8 |  8.9
Axes           | 3 4 5 6 |  6.2
Invocations    | 2 4 |  4.6

Action                   |  1- 3 |  4- 6 |  7- 9 || total
-------------------------+-------+-------+-------++-------
Melee: War axe           |    86 |    83 |   321 ||   490
 Fire: Arbalest          |       |       |    23 ||    23
Evoke: Wand              |       |     1 |       ||     1
  Use: Scroll            |     6 |     4 |     7 ||    17
       Potion            |       |     2 |     4 ||     6
Armor: Scale mail        |    45 |     2 |       ||    47
       Plate armour      |       |    31 |   131 ||   162
       Skin              |       |    24 |       ||    24
       Chain mail        |       |       |    29 ||    29
Dodge: Dodged            |    59 |    36 |   198 ||   293
Block: Buckler           |    25 |    29 |   111 ||   165

Table legend: (Time is in decaauts)
 A = Elapsed time spent in this place.
 B = Non-inter-level travel time spent in this place.
 C = Inter-level travel time spent in this place.
 D = Time resting spent in this place.
 E = Time spent auto-exploring this place.
 F = Levels seen in this place.
 G = Mean time per level.
                   A        B        C        D        E       F      G
               +--------+--------+--------+--------+--------+-----+--------+
         Total |   8238 |   7601 |    637 |   1226 |   4860 |   9 |  915.3 |
       Dungeon |   8092 |   7503 |    589 |   1226 |   4775 |   8 | 1011.5 |
        Temple |    145 |     97 |     48 |      0 |     85 |   1 |  145.0 |
               +--------+--------+--------+--------+--------+-----+--------+

Top non-repeatable levels by time:
     D:7: 1871 daAuts
     D:6: 1582 daAuts
     D:5: 1264 daAuts
     D:4: 980 daAuts
     D:2: 917 daAuts
     D:1: 751 daAuts
     D:3: 594 daAuts
  Temple: 145 daAuts
     D:8: 130 daAuts
